 Dungeon Crawl Stone Soup version 0.28-a0-631-g0446da8ef9 (webtiles) character file.

Game seed: 6486190413348644767

51 omnomnOMINOUS the Sneak (level 3, 0/37 HPs)
             Began as an Octopode Wanderer on Oct 9, 2021.
             Was an Initiate of Gozag.
             Slain by an orc (2 damage)
             ... on level 3 of the Dungeon.
             The game lasted 00:02:42 (1460 turns).

omnomnOMINOUS the Sneak (Octopode Wanderer)         Turns: 1460, Time: 00:02:43

Health: 0/37       AC: 21    Str: 10    XL:     3   Next: 81%
Magic:  3/3        EV:  2    Int: 14    God:    Gozag
Gold:   98         SH:  0    Dex: 13    Spells: 2/2 levels left

rFire   . . .      SeeInvis .   a - +0 spear
rCold   . . .      Faith    .   (no shield)
rNeg    . . .      Spirit   .   (helmet currently unavailable)
rPois   +          Reflect  .   (no amulet)
rElec   .          Harm     .   (no ring)
rCorr   .          Rampage  .   (no ring)
Will    .....      NoTele   +   (no ring)
Stlth   +.........              (no ring)
HPRegen 0.12/turn               (no ring)
MPRegen 0.08/turn               (no ring)
                                (no ring)
                                (no ring)

@: confused, tree-form, gold aura
A: stationary, stasis, torment immunity, boosted hp, almost no armour,
(amphibious), 8 rings, (camouflage 1), (gelatinous body 1), (nimble swimmer 1),
(tentacles)
a: Renounce Religion, Potion Petition, Call Merchant, Bribe Branch


You were on level 3 of the Dungeon.
You worshipped Gozag.
Gozag was noncommittal.
You were a tree.
You visited 1 branch of the dungeon, and saw 3 of its levels.

You collected 98 gold pieces.

Inventory:

Hand Weapons
 a - a +0 spear (weapon)
 c - a +0 dagger
Missiles
 e - 3 curare-tipped darts (quivered)
Scrolls
 f - a scroll of teleportation {unknown}
 g - 3 scrolls of identify {unknown}
 j - a scroll of fog {unknown}
 l - a scroll of enchant weapon {unknown}
Potions
 d - a potion of curing {unknown}
 h - a potion of might {unknown}
 i - a potion of heal wounds {unknown}
 k - a potion of degeneration {unknown}


   Skills:
 + Level 2.6 Fighting
 * Level 2.5 Polearms
 + Level 3.4 Dodging
 - Level 5.3 Stealth


You had 2 spell levels left.
You didn't know any spells.
Your spell library contained the following spells:

 Spells                   Type           Power      Damage    Failure   Level
 Sublimation of Blood     Necr           0%         N/A       41%         2
 Wereblood                Tmut           0%         N/A       41%         2
 Summon Hydra             Summ           0%         N/A       100%        7


Dungeon Overview and Level Annotations

Branches:
Dungeon (3/15)

Altars:
Gozag

Shops:
D:2 (


Innate Abilities, Weirdness & Mutations

You are a tree.
Your roots penetrate the ground, keeping you stationary.
You cannot be teleported.
You are immune to unholy pain and torment.
Your maximum health is greatly increased.
You cannot wear most types of armour.
((You are amphibious.))
You can wear up to eight rings at the same time.
((Your skin changes colour to match your surroundings (Stealth+).))
((Your rubbery body absorbs attacks. (AC +1, EV +1)))
((You are camouflaged near water. (Stealth+)))
((You have tentacles for arms and can constrict up to eight enemies at once.))


Message History

Increase (S)trength, (I)ntelligence, or (D)exterity?
You feel clever.
Unknown command.
You closely miss the orc wizard. You grab the orc wizard.
The orc wizard is severely wounded.
You constrict the orc wizard, but do no damage.
The orc wizard gestures at you while chanting.
You are confused.
Unknown command.
Okay, then.
Unknown command.
You bump into the rock wall.
You constrict the orc wizard.
The orc wizard points at you and mumbles some strange words.
The puff of flame misses you.
Unknown command.
You hit the orc wizard but do no damage.
The orc wizard is severely wounded.
You constrict the orc wizard, but do no damage.
The orc wizard points at you and mumbles some strange words.
You are more confused.
Unknown command.
You barely miss the orc wizard. You squeeze the orc wizard.
The orc wizard is almost dead.
You constrict the orc wizard.
You kill the orc wizard!
You bump into the rock wall.
The orc misses you.
You hit the orc. You squeeze the orc.
You kill the orc!
You're too confused to move!
The orc hits you with a +0 whip.
* * * LOW HITPOINT WARNING * * *
You hit the orc.
The orc is heavily wounded.
The orc closely misses you.
You bump into the rock wall.
The orc hits you with a +0 whip.
* * * LOW HITPOINT WARNING * * *
Really quaff the potion of lignification?
You turn into a tree.
Your roots penetrate the ground.
The orc hits you with a +0 whip.
You die...
Your body crumbles into a pile of gold.

############
#.o♣.....>.#
#.########.#######
......$...##............
####$...................
...##.########.#######
###. #.# #............ .
#.# #.###.####### . #<#
#.# #.# $ #.
#.####.###.#


You could see an orc.

Vanquished Creatures
  An orc wizard (D:3)
  A dart slug (D:1)
  3 orcs (D:3)
  A ball python (D:2)
  2 bats (D:2)
  An endoplasm (D:2)
  2 giant cockroaches (D:1)
  3 goblins (D:1)
  A frilled lizard (D:1)
  4 kobolds
  2 rats
21 creatures vanquished.

Notes
Turn   | Place    | Note
-------+----------+-------------------------------------------
     0 | D:1      | omnomnOMINOUS the Octopode Wanderer began the quest for the
                  | Orb.
     0 | D:1      | omnomnOMINOUS set off with the following items: a +0 spear,
                  | a potion of lignification, a +0 dagger
     0 | D:1      | Reached XP level 1. HP: 14/14 MP: 1/1
   126 | D:1      | Reached XP level 2. HP: 19/19 MP: 2/2
   431 | D:1      | Found a faded altar of an unknown god.
   551 | D:1      | Became a worshipper of Gozag Ym Sagoz the Greedy
  1029 | D:2      | Found Utsuicet's Weapon Shop.
  1451 | D:3      | Reached XP level 3. HP: 6/25 MP: 3/3
  1459 | D:3      | HP: 1/25 [orc (1)]
  1460 | D:3      | Slain by an orc

Illustrated notes

Levels and vault maps discovered:
D:1:      dpeg_chamrin_arrival_tetris, layout_basic,
          shapermc_ecumenical_altar_totnotflames
D:2:      layout_loops_ring, serial_shops, shop, small_statue_intersection,
          minmay_tree_intersection, glass_columns_c, wad_floor_pattern_2
D:3:      minmay_recursive_quarters, layout_loops_ring

Skill      XL: |  1  2 |
---------------+-------+-----
Polearms       | 2 |  2.5
Fighting       | |  2.6
Dodging        | |  3.4
Stealth        | |  5.3

Action                   || total
-------------------------++-------
Melee: Spear             ||    50
       Constrict         ||     9
       Tentacles         ||     5
Throw: Dart              ||     1
  Use: Potion            ||     1
 Stab: Sleeping          ||     7
Armor: Skin              ||     2
Dodge: Dodged            ||    14

Table legend: (Time is in decaauts)
 A = Elapsed time spent in this place.
 B = Non-inter-level travel time spent in this place.
 C = Inter-level travel time spent in this place.
 D = Time resting spent in this place.
 E = Time spent auto-exploring this place.
 F = Levels seen in this place.
 G = Mean time per level.
                   A        B        C        D        E       F      G
               +--------+--------+--------+--------+--------+-----+--------+
         Total |   1460 |   1380 |     80 |      0 |   1197 |   3 |  486.7 |
       Dungeon |   1460 |   1380 |     80 |      0 |   1197 |   3 |  486.7 |
               +--------+--------+--------+--------+--------+-----+--------+

Top non-repeatable levels by time:
     D:1: 779 daAuts
     D:2: 630 daAuts
     D:3: 49 daAuts
